 Dungeon Sprint DCSS version 0.26-a0-710-g95a0c6c400 (webtiles) character file.

Game seed: 16898151703872189973

3502 mhtbhm the Carver (level 9, -1/84 HPs)
             Began as a Demonspawn Berserker on Oct 30, 2020.
             Was a High Priest of Trog.
             Succumbed to a cane toad's poison
             ... in the Dungeon (Sprint IX: "|||||||||||||||||||||||||||||").
             The game lasted 00:01:31 (678 turns).

mhtbhm the Carver (Demonspawn Berserker)             Turns: 678, Time: 00:01:32

Health: -1/84      AC: 15    Str: 20    XL:     9   Next: 80%
Magic:  9/9        EV: 11    Int:  9    God:    Trog [*****.]
Gold:   9          SH:  0    Dex: 13    Spells: 8/8 levels left

rFire    . . .     SeeInvis .   a - +2 scimitar (flame)
rCold    . . .     Faith    .   (no shield)
rNeg     + . .     Spirit   .   b - +0 plate armour
rPois    .         Reflect  .   (helmet restricted)
rElec    .         Harm     .   (no cloak)
rCorr    .         Rampage  .   (no gloves)
MR       .....     NoTele   +   l - +0 pair of boots
Stlth    ..........             (no amulet)
HPRegen  0.24/turn              q - ring of positive energy
MPRegen  0.11/turn              n - +2 ring of evasion

@: lethally poisoned (-1 -> -30), berserk cooldown, slowed, very slow
A: hooves 1, horns 1, powered by death 1, rot immunity
a: Berserk, Trog's Hand, Brothers in Arms, Renounce Religion


You were in the Dungeon.
You worshipped Trog.
Trog was extremely pleased with you.
You visited 1 branch You collected 9 gold pieces.

Inventory:

Hand Weapons
 a - a +2 scimitar of flaming (weapon)
Armour
 b - a +0 plate armour (worn)
 l - a +0 pair of boots (worn)
Jewellery
 n - a +2 ring of evasion (right hand)
 q - a ring of positive energy (left hand)
Wands
 k - a wand of iceblast (10)
 o - a wand of polymorph (6)
Scrolls
 h - 4 scrolls of blinking
 j - 3 scrolls of remove curse
 r - a scroll of fear
 s - 2 scrolls of fog
Potions
 c - 5 potions of curing
 d - 9 potions of heal wounds
 e - 2 potions of haste
 f - 4 potions of magic
 g - 2 potions of berserk rage
 i - a potion of invisibility
 p - a potion of cancellation


   Skills:
 + Level 12.7 Fighting
 + Level 13.7 Long Blades
 + Level 8.6 Armour
 + Level 6.9 Dodging
 + Level 1.9 Stealth


You had 8 spell levels left.
You didn't know any spells.
Your spell library was empty.

Dungeon Overview and Level Annotations

Branches:
Dungeon (1/1)

Altars:
Cheibriados
Dithmenos
Elyvilon
Fedhas
Gozag
Hepliaklqana
Kikubaaqudgha
Makhleb
Nemelex Xobeh
Okawaru
Qazlal
Ru
Sif Muna
Trog
Uskayaw
Vehumet
Wu Jian
Xom
Yredelemnul
Zin
The Shining One
Beogh
Jiyva
Lugonu


Innate Abilities, Weirdness & Mutations

You have large cloven feet.
You have a pair of small horns on your head.
You regenerate a little health from kills.
You are immune to rotting.


Message History

The cane toad stings you!
* * * LOW HITPOINT WARNING * * *
Unknown command.
You hit the cane toad but do no damage.
The cane toad is moderately wounded.
* * * LOW HITPOINT WARNING * * *
You feel very sick. The cane toad stings you!
* * * LOW HITPOINT WARNING * * *
Unknown command.
You hit the cane toad. You burn the cane toad.
You headbutt the cane toad, but do no damage.
The cane toad is moderately wounded.
* * * LOW HITPOINT WARNING * * *
You feel very sick. The cane toad stings you.
* * * LOW HITPOINT WARNING * * *
You slash the cane toad! You burn the cane toad.
The cane toad is severely wounded.
You die...

▓.▓_▓
▓.▓.▓_▓
▓.▓.▓_▓
▓.▓.▓_▓
▓.▓.▓_▓
▓F▓.▓_▓
▓l▓.▓_▓
▓F▓.▓_▓
▓@▓.▓_▓
▓)▓.▓_▓
▓.▓.▓_▓
▓=▓.▓_▓
▓.▓.▓_▓
▓.▓.▓'▓
▓.▓.▓.▓
▓.▓.▓.▓
▓.▓)▓.▓


You could see a komodo dragon and 2 cane toads.

Vanquished Creatures
  Erolcha (D)
  A centaur warrior (D)
  An ugly thing (D)
  2 komodo dragons (D)
  A troll (D)
  A shadow (D)
  A basilisk (D)
  3 water moccasins (D)
  A phantom (D)
  A big kobold (D)
  A gnoll sergeant (D)
  2 bullfrogs (D)
  2 howler monkeys (D)
  An orc wizard (D)
  An iguana (D)
  A gnoll (D)
  An ufetubus (D)
  A ball python (D)
  A hobgoblin (D)
  A jackal (D)
  A frilled lizard (D)
  A goblin (D)
  2 rats (D)
29 creatures vanquished.

Notes
Turn   | Place    | Note
-------+----------+-------------------------------------------
     0 | D        | mhtbhm the Demonspawn Berserker began the quest for the
                  | Orb.
     0 | D        | Reached XP level 1. HP: 18/18 MP: 1/1
    10 | D        | Reached skill level 3 in Long Blades
    12 | D        | Reached ** piety under Trog
    52 | D        | Noticed a howler monkey
    52 | D        | Noticed an orc wizard
    52 | D        | Noticed an iguana
    57 | D        | Killed an iguana
    57 | D        | Reached skill level 4 in Long Blades
    57 | D        | Gained mutation: You regenerate a little health from kills.
                  | [demonic ancestry]
    57 | D        | Reached XP level 2. HP: 18/26 MP: 2/2
    57 | D        | Gained mutation: You have large cloven feet. [demonic
                  | ancestry]
    57 | D        | Reached XP level 3. HP: 21/31 MP: 3/3
    59 | D        | Reached *** piety under Trog
    59 | D        | Reached skill level 5 in Fighting
    61 | D        | Reached skill level 5 in Long Blades
    61 | D        | Reached XP level 4. HP: 20/39 MP: 4/4
    67 | D        | Reached skill level 6 in Long Blades
    71 | D        | Reached **** piety under Trog
    79 | D        | Found a roughly hewn altar of Beogh.
    79 | D        | Found a snail-covered altar of Cheibriados.
    79 | D        | Found a shadowy altar of Dithmenos.
    79 | D        | Found a white marble altar of Elyvilon.
    79 | D        | Found a blossoming altar of Fedhas.
    79 | D        | Found an opulent altar of Gozag.
    80 | D        | Found a hazy altar of Hepliaklqana.
    81 | D        | Found a viscous altar of Jiyva.
    82 | D        | Found an ancient bone altar of Kikubaaqudgha.
    83 | D        | Found a corrupted altar of Lugonu.
    84 | D        | Found a burning altar of Makhleb.
    85 | D        | Found a sparkling altar of Nemelex Xobeh.
    86 | D        | Found an iron altar of Okawaru.
    87 | D        | Found a stormy altar of Qazlal.
    88 | D        | Found a sacrificial altar of Ru.
    89 | D        | Found a shimmering blue altar of Sif Muna.
    90 | D        | Found a bloodstained altar of Trog.
    91 | D        | Found a hide-covered altar of Uskayaw.
    92 | D        | Found a radiant altar of Vehumet.
    93 | D        | Found an ornate altar of the Wu Jian Council.
    94 | D        | Found a shimmering altar of Xom.
    95 | D        | Found a basalt altar of Yredelemnul.
    96 | D        | Found a glowing silver altar of Zin.
    97 | D        | Found a glowing golden altar of the Shining One.
   300 | D        | Noticed a bullfrog
   300 | D        | Noticed a bullfrog
   300 | D        | Noticed a big kobold
   304 | D        | Killed a big kobold
   304 | D        | Reached skill level 7 in Long Blades
   304 | D        | Reached XP level 5. HP: 48/48 MP: 5/5
   309 | D        | Reached skill level 8 in Long Blades
   309 | D        | Gained mutation: You are immune to rotting. [demonic
                  | ancestry]
   309 | D        | Reached XP level 6. HP: 56/56 MP: 6/6
   312 | D        | Reached ***** piety under Trog
   354 | D        | Noticed a troll
   354 | D        | Noticed a centaur warrior
   354 | D        | Noticed a shadow
   354 | D        | Noticed a brown ugly thing
   357 | D        | Killed a shadow
   357 | D        | Reached skill level 9 in Long Blades
   357 | D        | Reached skill level 5 in Armour
   357 | D        | Reached skill level 1 in Stealth
   360 | D        | Killed a brown ugly thing
   360 | D        | Reached skill level 10 in Fighting
   360 | D        | Reached skill level 10 in Long Blades
   360 | D        | Reached skill level 5 in Dodging
   360 | D        | Reached XP level 7. HP: 66/66 MP: 7/7
   365 | D        | Killed a centaur warrior
   365 | D        | Reached skill level 11 in Long Blades
   365 | D        | Gained mutation: You have a pair of small horns on your
                  | head. [demonic ancestry]
   365 | D        | Reached XP level 8. HP: 75/75 MP: 8/8
   369 | D        | Received a gift from Trog
   372 | D        | Killed a troll
   372 | D        | Reached skill level 12 in Long Blades
   475 | D        | Noticed Erolcha
   485 | D        | Killed Erolcha
   485 | D        | Reached skill level 13 in Long Blades
   485 | D        | Reached XP level 9. HP: 82/82 MP: 9/9
   640 | D        | Noticed a komodo dragon
   640 | D        | Noticed a komodo dragon
   642 | D        | Noticed a cane toad
   645 | D        | Killed a komodo dragon
   645 | D        | Received a gift from Trog
   646 | D        | Noticed a komodo dragon
   649 | D        | Killed a komodo dragon
   651 | D        | Noticed a cane toad
   677 | D        | HP: 1/84 [cane toad (5)]
   678 | D        | Succumbed to a cane toad's poison

Illustrated notes

Levels and vault maps discovered:
D:        linesprint [early_d, line_temple, items_1, d_10, items_2, lair_1,
          lair_end, items_3, orc_1, orc_end, items_4, d_15, swamp_1, shoals_1,
          snake_1, spider_1, d_20, vaults_1, items_5, swamp_end, shoals_end,
          snake_end, spider_end, vaults_end, d_27, items_6, zot_1, zot_end,
          crypt_end, forest_end, elf_end, slime_end, tomb_end, abyss_end,
          pan_hell_end]

Skill      XL: |  1  2  3  4  5  6  7  8  9 |
---------------+----------------------------+-----
Long Blades    | 4 5 7 8 10 11 13 | 13.7
Armour         | 2 3 4 5 6 7 8 |  8.6
Fighting       | 4 5 7 10 11 12 | 12.7
Dodging        | 2 3 4 5 6 |  6.9
Stealth        | 1 |  1.9

Action                   |  1- 3 |  4- 6 |  7- 9 || total
-------------------------+-------+-------+-------++-------
Melee: Falchion          |    18 |     8 |       ||    26
       Kick              |     3 |     2 |       ||     5
       Scimitar          |       |    18 |    47 ||    65
       Headbutt          |       |       |    11 ||    11
Invok: Berserk           |     1 |     2 |     2 ||     5
 Stab: Sleeping          |     1 |       |       ||     1
Armor: Animal skin       |       |     3 |       ||     3
       Plate armour      |       |     6 |    16 ||    22
Dodge: Dodged            |     7 |    12 |     9 ||    28
       Rpst.: Falchion   |     1 |     2 |       ||     3
       Scimitar          |       |     1 |     1 ||     2

Table legend: (Time is in decaauts)
 A = Elapsed time spent in this place.
 B = Non-inter-level travel time spent in this place.
 C = Inter-level travel time spent in this place.
 D = Time resting spent in this place.
 E = Time spent auto-exploring this place.
 F = Levels seen in this place.
 G = Mean time per level.
                   A        B        C        D        E       F      G
               +--------+--------+--------+--------+--------+-----+--------+
         Total |    701 |    701 |      0 |    374 |     55 |   1 |  701.0 |
       Dungeon |    701 |    701 |      0 |    374 |     55 |   1 |  701.0 |
               +--------+--------+--------+--------+--------+-----+--------+

Top non-repeatable levels by time:
       D: 701 daAuts
